 Dungeon Crawl Stone Soup version 0.24-a0-434-gd57e52fea8 (webtiles) character file.

Game seed: 8083435274853038339

6066 OCTOBOI the Blocker (level 10, -1/62 HPs)
             Began as an Octopode Conjurer on June 15, 2019.
             Was a Believer of Vehumet.
             Splashed by a centaur's acid (15 damage)
             ... on level 9 of the Dungeon.
             The game lasted 00:54:47 (14256 turns).

OCTOBOI the Blocker (Octopode Conjurer)            Turns: 14256, Time: 00:54:48

Health: -1/62      AC: -5    Str:  8      XL:     10   Next: 87%
Magic:  19/19      EV: 12    Int: 21      God:    Vehumet [**....]
Gold:   589        SH: 10    Dex:  9 (12) Spells: 11/22 levels left

rFire    . . .     SeeInvis .   y - +1 spear
rCold    . . .     Gourm    .   j - +0 shield
rNeg     . . .     Faith    .   c - +2 hat
rPois    .         Spirit   .   (no amulet)
rElec    .         Reflect  .   (no ring)
rCorr    .         Harm     .   (no ring)
MR       .....                  (no ring)
Stlth    +++.......             (no ring)
HPRegen  0.20/turn              (no ring)
MPRegen  0.16/turn              (no ring)
                                (no ring)
                                (no ring)

@: corroded
A: almost no armour, stealthy swim, amphibious, 8 rings, constrict 8, camouflage
1, gelatinous body 1
a: Renounce Religion


You were on level 9 of the Dungeon.
You worshipped Vehumet.
Vehumet was pleased with you.
You were not hungry.

You visited 2 branches of the dungeon, and saw 10 of its levels.

You collected 589 gold pieces.

Inventory:

Hand Weapons
 a - a +0 dagger
 y - a +1 spear (weapon)
Armour
 c - a +2 hat (worn)
 j - a +0 shield (worn)
Jewellery
 e - an uncursed ring of wizardry {unknown}
 g - an uncursed ring of resist corrosion {unknown}
 h - an uncursed ring of flight {unknown}
 r - an uncursed ring of fire {unknown}
 C - an uncursed ring of positive energy {unknown}
 E - an uncursed ring of poison resistance {unknown}
Wands
 d - a wand of iceblast (19)
 i - a wand of acid (6)
Scrolls
 k - a scroll of blinking
 l - 2 scrolls of teleportation
 m - a scroll of fear
 q - a scroll of amnesia
 u - a scroll of enchant weapon
 G - a scroll of enchant armour
Potions
 f - a potion of resistance {unknown}
 n - 3 potions of brilliance
 o - 3 potions of heal wounds
 p - 4 potions of curing
 s - 2 potions of lignification
 t - a potion of cancellation {unknown}
 v - 4 potions of mutation
 w - a potion of haste {unknown}
 x - 3 potions of flight
 z - 2 potions of agility
 A - a potion of berserk rage
 B - 2 potions of might {unknown}
 D - a potion of magic {unknown}
 I - a potion of ambrosia {unknown}
Comestibles
 b - 12 rations
 F - 3 chunks of flesh


   Skills:
 + Level 2.8 Fighting
 - Level 2.0 Dodging
 - Level 2.6 Stealth
 * Level 11.1 Shields
 - Level 6.5 Spellcasting
 - Level 6.0 Conjurations
 - Level 4.0 Translocations
 - Level 3.0 Fire Magic
 - Level 3.0 Air Magic
 - Level 4.0 Poison Magic


You had 11 spell levels left.
You knew the following spells:

 Your Spells              Type           Power        Failure   Level  Hunger
a - Magic Dart            Conj           ####         1%          1    None
b - Shock                 Conj/Air       ####         2%          1    None
c - Flame Tongue          Conj/Fire      ####.        2%          1    None
d - Conjure Flame         Conj/Fire      ####....     7%          3    #......
e - Mephitic Cloud        Conj/Pois/Air  ####....     8%          3    #......
f - Blink                 Tloc           N/A          4%          2    None

Your spell library contained the following spells:

 Spells                   Type           Power        Failure   Level  Hunger
 Searing Ray              Conj           ####..       1%          2    None
 Dazzling Spray           Conj/Hex       ###...       13%         3    #......
 Iskenderun's Mystic Bla  Conj           ####....     13%         4    ###....
 Force Lance              Conj/Tloc      ####....     19%         4    ###....
 Call Imp                 Summ           #.......     22%         2    None
 Slow                     Hex            #.......     22%         2    None
 Fulminant Prism          Conj/Hex       ###.......   41%         4    ###....


Dungeon Overview and Level Annotations

Branches:
Dungeon (9/15)             Temple (1/1) D:5
   Lair: D:8-11         Orc: D:9-12

Altars:
Ashenzari
Cheibriados
Dithmenos
Elyvilon
Fedhas
Gozag
Hepliaklqana
Kikubaaqudgha
Makhleb
Nemelex Xobeh
Okawaru
Qazlal
Ru
Sif Muna
Trog
Uskayaw
Vehumet
Wu Jian
Xom
Yredelemnul
Zin
The Shining One

Shops:
D:8 !

Annotations:
D:3 Grinder, Ijyb
D:6 exclusion: downstairs
D:8 1 runed translucent door, hemabe's ghost, novice HuAr


Innate Abilities, Weirdness & Mutations

You cannot wear most types of armour.
You are very stealthy in the water. (Stealth+)
You are amphibious.
You can wear up to eight rings at the same time.
You can use your tentacles to constrict eight enemies at once.
Your skin changes colour to match your surroundings (Stealth+).
Your rubbery body absorbs attacks. (AC +1, EV +1)


Message History

An iguana comes into view.
The iguana hisses angrily.
The centaur shouts!
The centaur zaps a wand.
The bolt of acid hits you!! The acid corrodes you!
You are splashed with acid!
The iguana hisses menacingly.
Found a wand of iceblast (6).
Evoke which item? (* to show all) (? for menu, Esc to quit)
Aiming: Iceblast
Press: ? - help, Shift-Dir - straight line The mass of ice explodes!
The iceblast engulfs the iguana.
The iguana is moderately wounded.
The iceblast engulfs the centaur!
The centaur is almost dead.
You hear a shout! x5
The centaur wields a +0 shortbow.
The centaur shoots an arrow.
The arrow completely misses you.
The centaur zaps a wand.
The bolt of acid hits you!
* * * LOW HITPOINT WARNING * * *
The acid corrodes you!
You are splashed with acid!
You die...

########## #######
#......... ......#
#.......>. ......#
#.........
......#########......c./
................@.....l.
......#########(........
#.##### #......... #.#
########.# #.### # #...#
###.# ###'#####
........#


You could see a centaur and an iguana.

Vanquished Creatures
  Pikel (D:7)
  A hornet (D:7)
  A human (D:8)
  3 hogs (D:8)
  6 yaks
  2 hungry ghosts
  Menkaure (D:7)
  A water moccasin (D:7)
  2 orc warriors (D:8)
  A sky beast (D:8)
  4 phantoms
  A black bear (D:7)
  An ice beast (D:7)
  4 ogres
  2 centaurs
  A crocodile (D:8)
  4 bullfrogs
  A wyvern zombie (D:6)
  A wyvern skeleton (D:8)
  2 scorpions (D:6)
  6 killer bees (D:7)
  3 wights
  2 howler monkeys (D:6)
  3 crimson imps
  A quasit (D:8)
  A bullfrog zombie (D:5)
  3 jellies
  Crazy Yiuf (D:7)
  A bullfrog skeleton (D:8)
  6 orc priests
  2 centaur skeletons
  2 hounds
  4 orc wizards
  3 iguanas
  Natasha (twice) (D:3)
  5 worker ants
  2 hound zombies
  3 hound skeletons
  A worker ant zombie (D:7)
  A howler monkey skeleton (D:8)
  4 gnolls (D:7)
  5 adders
  9 oozes (D:4)
  2 adder skeletons
  2 adder zombies
  4 worms
  2 dart slugs (D:1)
  5 leopard geckos
  17 orcs
  8 giant cockroaches
  5 hobgoblins
  5 jackals
  13 kobolds
  2 quokkas
  3 bats
  4 frilled lizards
  11 goblins
  A jackal skeleton (D:7)
  A leopard gecko skeleton (D:4)
  A quokka skeleton (D:5)
  6 rats
202 creatures vanquished.

Vanquished Creatures (others)
  A jackal (D:7)
  A fungus (D:4)
  A plant (D:4)
  8 toadstools (D:4)
11 creatures vanquished.

Grand Total: 213 creatures vanquished

Notes
Turn   | Place    | Note
-------+----------+-------------------------------------------
     0 | D:1      | OCTOBOI the Octopode Conjurer began the quest for the Orb.
     0 | D:1      | Reached XP level 1. HP: 11/11 MP: 3/3
   201 | D:1      | Reached XP level 2. HP: 18/18 MP: 0/5
   471 | D:1      | Reached skill level 1 in Fighting
   738 | D:2      | Reached XP level 3. HP: 23/23 MP: 4/6
   918 | D:2      | Found a faded altar of an unknown god.
  1435 | D:2      | Reached skill level 1 in Shields
  1951 | D:2      | Found a faded altar of an unknown god.
  2031 | D:2      | Reached XP level 4. HP: 28/28 MP: 2/8
  2111 | D:3      | Noticed Natasha
  2303 | D:3      | Noticed Ijyb
  2384 | D:3      | Noticed Grinder
  2706 | D:3      | Killed Natasha
  2785 | D:4      | Found a glowing golden altar of the Shining One.
  3181 | D:4      | Reached skill level 2 in Shields
  3181 | D:4      | Reached XP level 5. HP: 31/33 MP: 0/9
  3511 | D:3      | Noticed Natasha
  3569 | D:3      | HP: 1/33 [poisoned by a worker ant]
  3882 | D:3      | Killed Natasha
  4234 | D:4      | Reached skill level 3 in Shields
  4234 | D:4      | Reached skill level 5 in Conjurations
  4234 | D:4      | Reached XP level 6. HP: 38/38 MP: 3/11
  5165 | D:4      | Reached skill level 4 in Shields
  5320 | D:5      | Entered Level 5 of the Dungeon
  5484 | D:5      | Found a staircase to the Ecumenical Temple.
  5503 | Temple   | Entered the Ecumenical Temple
  5530 | Temple   | Became a worshipper of Vehumet
  5743 | D:5      | Reached XP level 7. HP: 20/43 MP: 3/12
  6171 | D:5      | Noticed a hungry ghost
  6731 | D:5      | Found a stormy altar of Qazlal.
  6734 | D:5      | Noticed an air elemental
  6734 | D:5      | Noticed a fire elemental
  6734 | D:5      | Noticed a water elemental
  6840 | D:5      | Found an opulent altar of Gozag.
  6943 | D:5      | Found an ancient bone altar of Kikubaaqudgha.
  7007 | D:5      | Killed a hungry ghost
  7007 | D:5      | Reached skill level 5 in Shields
  7049 | D:6      | Found an opulent altar of Gozag.
  7544 | D:6      | Reached XP level 8. HP: 21/48 MP: 4/14
  8246 | D:6      | Reached skill level 6 in Shields
  8621 | D:6      | Reached skill level 5 in Spellcasting
  9210 | D:6      | Reached skill level 7 in Shields
  9839 | D:7      | Reached * piety under Vehumet
  9839 | D:7      | Offered knowledge of Shock by Vehumet.
  9851 | D:7      | Learned a level 1 spell: Shock
  9930 | D:7      | Reached skill level 1 in Air Magic
  9930 | D:7      | Reached XP level 9. HP: 48/53 MP: 8/17
  9966 | D:7      | Found an iron altar of Okawaru.
  9998 | D:7      | Reached skill level 8 in Shields
 10038 | D:7      | Found a runed translucent door.
 10039 | D:7      | Noticed Crazy Yiuf
 10141 | D:7      | Killed Crazy Yiuf
 10422 | D:7      | Noticed a hornet
 10424 | D:7      | Killed a hornet
 10484 | D:7      | Reached skill level 9 in Shields
 10590 | D:7      | Learned a level 2 spell: Blink
 10593 | D:7      | Noticed Menkaure
 10612 | D:7      | Killed Menkaure
 10810 | D:7      | Reached skill level 1 in Translocations
 10903 | D:7      | Learned a level 3 spell: Conjure Flame
 11135 | D:6      | Learned a level 3 spell: Mephitic Cloud
 11258 | D:7      | Noticed Pikel
 11273 | D:7      | Killed Pikel
 11273 | D:7      | Reached skill level 1 in Fire Magic
 11273 | D:7      | Reached skill level 1 in Poison Magic
 11473 | D:7      | Reached XP level 10. HP: 56/60 MP: 4/19
 11547 | D:8      | Found a sacrificial altar of Ru.
 11587 | D:8      | Found a sparkling altar of Nemelex Xobeh.
 11905 | D:8      | Found Zetis's Distillery.
 12274 | D:8      | Reached skill level 10 in Shields
 12510 | D:8      | Found a runed translucent door.
 12511 | D:8      | Noticed hemabe's ghost (novice HuAr)
 12819 | D:8      | Offered knowledge of Flame Tongue by Vehumet.
 12822 | D:8      | Learned a level 1 spell: Flame Tongue
 12937 | D:8      | Reached ** piety under Vehumet
 13000 | D:8      | Identified the +8 rapier "Zadu" {pierce, rN+ Dex+4}
 14017 | D:9      | Reached skill level 11 in Shields
 14171 | D:9      | Found a hazy altar of Hepliaklqana.
 14256 | D:9      | Splashed by a centaur's acid

Levels and vault maps discovered:
D:1:      lightli_molten_gateway, layout_basic, minmay_tromino_v4_c
D:2:      layout_loops_ring, chequers_ecumenical_altar_island, first_ration
D:3:      layout_rooms, uniq_natasha, uniq_grinder, uniq_ijyb
D:4:      cheibrodos_fertilizer, layout_rooms, nicolae_tso_carved_into_rock,
          serial_bayou_lagoon_a, minmay_fractal_squares_5
D:5:      layout_loops_ring, lemuel_zombie_altar_kikubaaqudgha,
          marbit_many_paths, nicolae_qazlal_style_of_elements, temple_fountains
D:6:      layout_loops_ring, chequers_serial_rivers_room_a,
          nicolae_gozag_cash_rules_everything_around_me
D:7:      layout_basic, okawaru_gym_becter, uniq_menkaure,
          uniq_crazy_yiuf_cottage, uniq_pikel
D:8:      layout_loops_corners, lemuel_round_altar,
          nicolae_ru_sacrificial_ziggurat, ebering_ghost_reflecting_pool,
          serial_shops, nicolae_shop_crystal, st_stairs_11, grunt_livestock
D:9:      layout_roguey, basic_altar
Temple:   regret_index_temple_waves

Skill      XL: |  1  2  3  4  5  6  7  8  9 10 |
---------------+-------------------------------+-----
Fighting       | 1 2 |  2.8
Shields        | 1 2 3 4 5 7 9 11 | 11.1
Spellcasting   | 3 4 5 6 |  6.5
Conjurations   | 5 6 |  6.0
Air Magic      | 1 3 |  3.0
Translocations | 2 4 |  4.0
Fire Magic     | 1 3 |  3.0
Poison Magic   | 1 4 |  4.0
Dodging        | |  2.0
Stealth        | |  2.6

Action                   |  1- 3 |  4- 6 |  7- 9 | 10-12 || total
-------------------------+-------+-------+-------+-------++-------
Melee: Tentacles         |     2 |     1 |     7 |     2 ||    12
       Dagger            |     2 |       |       |       ||     2
       Constrict         |     1 |     3 |     7 |     3 ||    14
       Spear             |       |    15 |    39 |    31 ||    85
 Cast: Magic Dart        |   102 |   181 |   297 |   136 ||   716
       Shock             |       |       |    28 |    46 ||    74
       Conjure Flame     |       |       |     4 |    12 ||    16
       Blink             |       |       |     1 |       ||     1
       Flame Tongue      |       |       |       |    43 ||    43
       Mephitic Cloud    |       |       |       |     2 ||     2
Evoke: Wand              |       |       |    12 |     2 ||    14
  Use: Scroll            |       |    11 |     4 |     4 ||    19
       Potion            |       |       |     1 |       ||     1
  Eat: Chunk             |     3 |     5 |    10 |     7 ||    25
       Ration            |       |     2 |     2 |     1 ||     5
Armor: Skin              |       |     3 |    24 |     6 ||    33
Dodge: Dodged            |     5 |    39 |    83 |    31 ||   158
Block: Shield            |       |       |    96 |    36 ||   132

Table legend:
 A = Non-vault XP
 B = Vault XP
 C = Vault XP percentage of total XP
 D = Non-vault monster count
 E = Vault monster count
 F = Vault count percentage of total count
                 A         B        C        D         E       F
            +---------+---------+-------+---------+---------+-------
      Total |    6490 |    2177 |  25.1 |     166 |      36 |  17.8
            +---------+---------+-------+---------+---------+-------
        D:1 |      28 |       1 |   3.4 |      16 |       1 |   5.9
        D:2 |      56 |       0 |   0.0 |      22 |       0 |   0.0
        D:3 |      50 |      35 |  41.2 |       7 |       1 |  12.5
        D:4 |     179 |     215 |  54.6 |      12 |      23 |  65.7
        D:5 |     417 |       3 |   0.7 |      14 |       1 |   6.7
        D:6 |     991 |       0 |   0.0 |      18 |       0 |   0.0
        D:7 |    1875 |     799 |  29.9 |      34 |       3 |   8.1
        D:8 |    1443 |    1124 |  43.8 |      33 |       7 |  17.5
        D:9 |    1451 |       0 |   0.0 |      10 |       0 |   0.0
            +---------+---------+-------+---------+---------+-------
